MLB
PITTSBURGH PIRATES @ NEW YORK METS
09/14/2098
 
TOP OF THE 1ST
Pittsburgh Pirates batting - Pitching for New York Mets : RHP Luis Torres
Pitching: RHP Luis Torres
Batting: SHB Nick Stiles 0-0: Swinging Strike
0-1: Foul Ball, location: 9LSF
0-2: Ball
1-2: Ball
2-2: Ball
3-2: DOUBLE (Line Drive, 3D, EV 99.4 MPH)
Batting: RHB Randy Wilson 0-0: Ground out 4-3 (Groundball, 4M, EV 91.9 MPH)
Nick Stiles to third
Batting: SHB Jamie Hoffman 0-0: Ball
1-0: Foul Ball, location: 7LMF
1-1: Ball
2-1: Fly out, F8 (Flyball, 8LM, EV 91.3 MPH)
Runner from 3rd tags up, SCORES, no throw by CF
Batting: RHB Carlos Flores 0-0: Ground out 6-3 (Groundball, 6S, EV 83.8 MPH)
Top of the 1st over - 1 run, 1 hit, 0 errors, 0 left on base; Pittsburgh 1 - New York 0
BOTTOM OF THE 1ST
New York Mets batting - Pitching for Pittsburgh Pirates : LHP Mike Rutherford
Pitching: LHP Mike Rutherford
Batting: RHB Jose de la Rosa 0-0: Ball
1-0: Ball
2-0: Called Strike
2-1: SOLO HOME RUN (Flyball, 78XD, EV 105.0 MPH), Distance : 406 ft
Batting: RHB Ryan Taylor 0-0: Fly out, F4 (Popup, 4, EV 61.9 MPH)
Batting: RHB Jeff Hestermann 0-0: Foul Ball, location: 2F
0-1: Fly out, F9 (Line Drive, 89M, EV 84.4 MPH)
Batting: RHB Jeremy Brant 0-0: Ball
1-0: Called Strike
1-1: Ground out 6-3 (Groundball, 56, EV 86.3 MPH)
Bottom of the 1st over - 1 run, 1 hit, 0 errors, 0 left on base; Pittsburgh 1 - New York 1
TOP OF THE 2ND
Pittsburgh Pirates batting - Pitching for New York Mets : RHP Luis Torres
Batting: RHB Nate D'Acquisto 0-0: Fly out, F9 (Flyball, 9LSF, EV 81.9 MPH)
Batting: LHB Todd Schuller 0-0: Foul Ball, location: 3FF
0-1: Ball
1-1: Called Strike
1-2: Ball
2-2: Strikes out looking
Batting: RHB Alex Velazquez 0-0: Fly out, F8 (Flyball, 8RXD, EV 103.1 MPH)
Top of the 2nd over - 0 runs, 0 hits, 0 errors, 0 left on base; Pittsburgh 1 - New York 1
BOTTOM OF THE 2ND
New York Mets batting - Pitching for Pittsburgh Pirates : LHP Mike Rutherford
Batting: RHB Marty Krpan 0-0: Foul Ball, location: 9LSF
0-1: Foul Ball, location: 2F
0-2: Strikes out swinging, 2-3 out at first.
Batting: RHB Mike Sigal 0-0: Called Strike
0-1: Ball
1-1: Ground out 5-3 (Groundball, 56S, EV 85.0 MPH)
Batting: RHB Erik Bazan 0-0: Ball
1-0: Ball
2-0: Foul Ball, location: 9LSF
2-1: Ball
3-1: Base on Balls
Batting: RHB Chris Sims 0-0: Ball
Erik Bazan steals 2nd base
1-0: Swinging Strike
1-1: Called Strike
1-2: Foul Ball, location: 2F
1-2: Strikes out swinging
Bottom of the 2nd over - 0 runs, 0 hits, 0 errors, 1 left on base; Pittsburgh 1 - New York 1
TOP OF THE 3RD
Pittsburgh Pirates batting - Pitching for New York Mets : RHP Luis Torres
Batting: RHB Bryan Dannemiller 0-0: Swinging Strike
0-1: Fly out, F9 (Flyball, 9, EV 91.3 MPH)
Batting: RHB Verner Johannsen 0-0: Ball
1-0: Called Strike
1-1: Fly out, F7 (Flyball, 7LS, EV 87.5 MPH)
Batting: SHB Nick Stiles 0-0: Ball
1-0: Ball
2-0: Called Strike
2-1: Ball
3-1: Swinging Strike
3-2: Base on Balls
Batting: RHB Randy Wilson 0-0: DOUBLE (Line Drive, 7LD, EV 108.8 MPH)
Nick Stiles to third
Batting: SHB Jamie Hoffman 0-0: Called Strike
0-1: Ball
1-1: Swinging Strike
1-2: SINGLE (Groundball, 6MD, EV 100.0 MPH)
Nick Stiles scores
Randy Wilson to third
Runner from 3rd tries for Home, SAFE, throw by CF to home
Jamie Hoffman to second
Batting: RHB Carlos Flores 0-0: Called Strike
0-1: Ball
1-1: Ball
2-1: Foul Ball, location: 25F
2-2: Foul Ball, location: 3FF
2-2: Ground out 6-3 (Groundball, 6S, EV 91.3 MPH)
Top of the 3rd over - 2 runs, 2 hits, 0 errors, 1 left on base; Pittsburgh 3 - New York 1
BOTTOM OF THE 3RD
New York Mets batting - Pitching for Pittsburgh Pirates : LHP Mike Rutherford
Batting: RHB Daniel Tellado 0-0: Ball
1-0: Foul Ball, location: 2F
1-1: Ball
2-1: Foul Ball, location: 2F
2-2: Ball
3-2: Fly out, F6 (Popup, 6M, EV 64.4 MPH)
Batting: RHB Jose de la Rosa 0-0: Called Strike
0-1: Ground out 6-3 (Groundball, 6, EV 86.3 MPH)
Batting: RHB Ryan Taylor 0-0: Called Strike
0-1: Foul Ball, location: 3F
0-2: Strikes out swinging
Bottom of the 3rd over - 0 runs, 0 hits, 0 errors, 0 left on base; Pittsburgh 3 - New York 1
TOP OF THE 4TH
Pittsburgh Pirates batting - Pitching for New York Mets : RHP Luis Torres
Batting: RHB Nate D'Acquisto 0-0: Called Strike
0-1: Ground out 4-3 (Groundball, 34, EV 88.1 MPH)
Batting: LHB Todd Schuller 0-0: Ball
1-0: Fly out, F8 (Line Drive, 8RD, EV 92.5 MPH)
Batting: RHB Alex Velazquez 0-0: Ball
1-0: Foul Ball, location: 2F
1-1: Called Strike
1-2: Ball
2-2: Ball
3-2: Ground out 5-3 (Groundball, 56S, EV 80.0 MPH)
Top of the 4th over - 0 runs, 0 hits, 0 errors, 0 left on base; Pittsburgh 3 - New York 1
BOTTOM OF THE 4TH
New York Mets batting - Pitching for Pittsburgh Pirates : LHP Mike Rutherford
Batting: RHB Jeff Hestermann 0-0: Called Strike
0-1: Ball
1-1: Foul Ball, location: 2F
1-2: Ball
2-2: Ball
3-2: Fly out, F9 (Line Drive, 89M, EV 98.1 MPH)
Batting: RHB Jeremy Brant 0-0: Foul Ball, location: 3F
0-1: Ball
1-1: Ball
2-1: Fly out, F8 (Line Drive, 8RM, EV 92.5 MPH)
Batting: RHB Marty Krpan 0-0: Ball
1-0: SINGLE (Groundball, 34D, EV 103.1 MPH)
Batting: RHB Mike Sigal 0-0: Called Strike
0-1: Ball
1-1: Fly out, F4 (Flyball, 4MD, EV 93.1 MPH)
Bottom of the 4th over - 0 runs, 1 hit, 0 errors, 1 left on base; Pittsburgh 3 - New York 1
TOP OF THE 5TH
Pittsburgh Pirates batting - Pitching for New York Mets : RHP Luis Torres
Batting: RHB Bryan Dannemiller 0-0: Swinging Strike
0-1: Ball
1-1: Ball
2-1: Bunt missed!
2-2: Ground out 6-3 (Groundball, 6M, EV 76.9 MPH)
Batting: RHB Verner Johannsen 0-0: Ball
1-0: Foul Ball, location: 9LMF
1-1: DOUBLE (Groundball, 5L, EV 95.0 MPH)
Batting: SHB Nick Stiles 0-0: Foul Ball, location: 2F
0-1: Ground out 4-3 (Groundball, 4M, EV 101.3 MPH)
Verner Johannsen to third
Batting: RHB Randy Wilson 0-0: Called Strike
0-1: Swinging Strike
0-2: Strikes out swinging
Top of the 5th over - 0 runs, 1 hit, 0 errors, 1 left on base; Pittsburgh 3 - New York 1
BOTTOM OF THE 5TH
New York Mets batting - Pitching for Pittsburgh Pirates : LHP Mike Rutherford
Batting: RHB Erik Bazan 0-0: Ball
1-0: Swinging Strike
1-1: Swinging Strike
1-2: Strikes out swinging
Batting: RHB Chris Sims 0-0: Swinging Strike
0-1: Called Strike
0-2: Ball
1-2: Strikes out looking
Batting: RHB Daniel Tellado 0-0: Foul Ball, location: 3F
0-1: Ball
1-1: Called Strike
1-2: Foul Ball, location: 9LSF
1-2: Strikes out swinging
Bottom of the 5th over - 0 runs, 0 hits, 0 errors, 0 left on base; Pittsburgh 3 - New York 1
TOP OF THE 6TH
Pittsburgh Pirates batting - Pitching for New York Mets : RHP Luis Torres
Batting: SHB Jamie Hoffman 0-0: Foul Ball, location: 9LMF
0-1: Foul Ball, location: 9LSF
0-2: Ground out U3 (Groundball, 34, EV 88.1 MPH)
Batting: RHB Carlos Flores 0-0: Ball
1-0: SINGLE (Line Drive, 9LS, EV 93.1 MPH)
Batting: RHB Nate D'Acquisto 0-0: Ball
1-0: Fly out, F8 (Line Drive, 8LD, EV 96.9 MPH)
Batting: LHB Todd Schuller 0-0: Fly out, F7 (Flyball, 78M, EV 85.0 MPH)
Top of the 6th over - 0 runs, 1 hit, 0 errors, 1 left on base; Pittsburgh 3 - New York 1
BOTTOM OF THE 6TH
New York Mets batting - Pitching for Pittsburgh Pirates : LHP Mike Rutherford
Batting: RHB Jose de la Rosa 0-0: Fly out, F5 (Popup, 25F, EV 78.8 MPH)
Batting: RHB Ryan Taylor 0-0: Ground out 6-3 (Groundball, 56, EV 110.0 MPH)
Batting: RHB Jeff Hestermann 0-0: Ball
1-0: Ball
2-0: Ball
3-0: Called Strike
3-1: SINGLE (Line Drive, 4MD, EV 95.0 MPH)
Batting: RHB Jeremy Brant 0-0: Fly out, F8 (Flyball, 8RM, EV 96.9 MPH)
Bottom of the 6th over - 0 runs, 1 hit, 0 errors, 1 left on base; Pittsburgh 3 - New York 1
TOP OF THE 7TH
Pittsburgh Pirates batting - Pitching for New York Mets : RHP Luis Torres
Batting: RHB Alex Velazquez 0-0: Ball
1-0: Foul Ball, location: 7LMF
1-1: Ground out 6-3 (Groundball, 6MS, EV 81.9 MPH)
Batting: RHB Bryan Dannemiller 0-0: Called Strike
0-1: Swinging Strike
0-2: Foul Ball, location: 23F
0-2: Ball
1-2: Ground out 6-3 (Groundball, 6, EV 82.5 MPH)
Batting: RHB Verner Johannsen 0-0: Ball
1-0: Ball
2-0: Called Strike
2-1: Swinging Strike
2-2: Ball
3-2: Ground out 3-1 (Groundball, 34S, EV 92.5 MPH)
Top of the 7th over - 0 runs, 0 hits, 0 errors, 0 left on base; Pittsburgh 3 - New York 1
BOTTOM OF THE 7TH
New York Mets batting - Pitching for Pittsburgh Pirates : LHP Mike Rutherford
Batting: RHB Marty Krpan 0-0: Ball
1-0: Ball
2-0: Foul Ball, location: 7LMFF
2-1: Ground out 4-3 (Groundball, 4, EV 86.3 MPH)
Batting: RHB Mike Sigal 0-0: Foul Ball, location: 2F
0-1: Fly out, F8 (Flyball, 8LM, EV 95.6 MPH)
Batting: RHB Erik Bazan 0-0: Swinging Strike
0-1: Foul Ball, location: 2F
0-2: Strikes out swinging
Bottom of the 7th over - 0 runs, 0 hits, 0 errors, 0 left on base; Pittsburgh 3 - New York 1
TOP OF THE 8TH
Pittsburgh Pirates batting - Pitching for New York Mets : RHP Luis Torres
Batting: SHB Nick Stiles 0-0: Called Strike
0-1: Ground out U3 (Groundball, 3, EV 97.5 MPH)
Batting: RHB Randy Wilson 0-0: Ball
1-0: Ball
2-0: Called Strike
2-1: Foul Ball, location: 9LSF
2-2: Ball
3-2: Fly out, F5 (Line Drive, 5L, EV 73.8 MPH)
Batting: SHB Jamie Hoffman 0-0: Called Strike
0-1: Swinging Strike
0-2: Foul Ball, location: 5F
0-2: Ball
1-2: Fly out, F8 (Line Drive, 89D, EV 90.6 MPH)
Top of the 8th over - 0 runs, 0 hits, 0 errors, 0 left on base; Pittsburgh 3 - New York 1
BOTTOM OF THE 8TH
New York Mets batting - Pitching for Pittsburgh Pirates : LHP Mike Rutherford
Pitching: RHP Dana House
Batting: RHB Chris Sims 0-0: Ball
1-0: Foul Ball, location: 5F
1-1: Ground out 4-3 (Groundball, 4, EV 79.4 MPH)
Pinch Hitting: LHB Omar Gomez 0-0: Ball
1-0: Foul Ball, location: 7LMF
1-1: Swinging Strike
1-2: Ball
2-2: Foul Ball, location: 2RF
2-2: Foul Ball, location: 9LSF
2-2: Foul Ball, location: 7LSF
2-2: Strikes out looking
Pinch Hitting: SHB Curt Tolley 0-0: Ball
1-0: Called Strike
1-1: Ball
2-1: Ball
3-1: Fly out, F7 (Flyball, 7, EV 75.0 MPH)
Bottom of the 8th over - 0 runs, 0 hits, 0 errors, 0 left on base; Pittsburgh 3 - New York 1
TOP OF THE 9TH
Pittsburgh Pirates batting - Pitching for New York Mets : RHP Luis Torres
Now at 1B: Omar Gomez
Now in CF: Mark Lamb
Batting: RHB Carlos Flores 0-0: Called Strike
0-1: Foul Ball, location: 9LMF
0-2: Ball
1-2: Ball
2-2: Foul Ball, location: 2F
2-2: Fly out, F2 (Popup, 23F, EV 93.1 MPH)
Batting: RHB Nate D'Acquisto 0-0: Swinging Strike
0-1: Ball
1-1: Ball
2-1: Ball
3-1: Foul Ball, location: 3DF
3-2: Foul Ball, location: 3F
3-2: Foul Ball, location: 2F
3-2: Ground out 1-3 (Groundball, P, EV 68.1 MPH)
Batting: LHB Todd Schuller 0-0: Ball
1-0: Ball
2-0: Ball
3-0: Called Strike
3-1: Called Strike
3-2: Foul Ball, location: 7LMF
3-2: Fly out, F2 (Popup, 2L, EV 94.4 MPH)
Top of the 9th over - 0 runs, 0 hits, 0 errors, 0 left on base; Pittsburgh 3 - New York 1
BOTTOM OF THE 9TH
New York Mets batting - Pitching for Pittsburgh Pirates : RHP Dana House
Batting: RHB Ryan Taylor 0-0: SINGLE (Line Drive, 34D, EV 96.3 MPH)
Batting: RHB Jeff Hestermann 0-0: Ball
1-0: Ball
2-0: Fly out, F8 (Flyball, 8RM, EV 89.4 MPH)
Pinch Hitting: LHB Mike Thompson 0-0: Ball
1-0: Hit by Pitch
Ryan Taylor to second
Pinch Runner at 2nd David Thomas:
Batting: RHB Marty Krpan 0-0: Called Strike
0-1: Called Strike
0-2: Fly out, F9 (Flyball, 9, EV 98.8 MPH)
Pitching: RHP Joe Duncan
Batting: RHB Mike Sigal 0-0: Ball
1-0: Ball
2-0: Called Strike
2-1: Foul Ball, location: 2F
2-2: Strikes out swinging
Bottom of the 9th over - 0 runs, 1 hit, 0 errors, 2 left on base; Pittsburgh 3 - New York 1
Sunday, April 14th , 2024 - OOTP Baseball 24.11 Build 85